Map: Cyber Forest LE

Players

Harstem - Winner!

  • Race: Protoss Protoss
  • Spawn Location: 11:00

Lambo

  • Race: Zerg Zerg
  • Spawn Location: 5:00

Event: 2019 WCS Summer

VOD

Have the link to the VOD?

Description

Time

  • Played on: July 13, 2019, 6:14 a.m.
  • Length: 5:20

All games in this series

Show
View Real Time Build Order
Export as new Build Order

Harstem Protoss - Winner!

Build Orders: 1 Gate Expand, Dark Templar Rush 

Get SALT Encoding   

  12  0:00  Probe  
  13  0:12  Probe  
  14  0:18  Pylon  
  14  0:24  Probe  
  15  0:35  Probe  
  15  0:36  Gateway  
  16  0:43  Probe  
  16  0:49  Assimilator  
  17  0:52  Probe  
  18  1:05  Probe  
  19  1:17  Probe  
  20  1:23  Cybernetics Core  
  20  1:35  Nexus  
  20  1:41  Pylon  
  20  1:46  Probe  
  21  1:50  Adept  
  21  1:52  Assimilator  
  21  1:58  Probe  
  24  2:02  Warp Gate  
  24  2:10  Probe, Adept  
  27  2:24  Probe  
  28  2:33  Twilight Council  
  28  2:36  Probe  
  29  2:39  Stalker  
  31  2:48  Probe  
  31  2:49  Probe  
  33  2:57  Robotics Facility  
  33  3:00  Probe  
  33  3:02  Probe  
  35  3:08  Charge  
  35  3:13  Probe  
  37  3:21  Gateway  
  37  3:23  Gateway  
  37  3:24  Probe  
  37  3:27  Probe  
  38  3:34  Gateway  
  38  3:35  Warp Prism  
  38  3:36  Probe  
  38  3:39  Probe  
  42  3:52  Pylon  
  42  3:56  Probe, Dark Shrine  
  42  3:58  Probe  
  44  4:04  Zealot  
  44  4:06  Pylon  
  46  4:16  Probe  
  47  4:21  Zealot x2  
  51  4:24  Zealot  
  51  4:25  Probe  
  51  4:28  Pylon  
  51  4:30  Assimilator  
  54  4:32  Assimilator  
  54  4:33  Probe  
  54  4:36  Pylon  
  56  4:48  Zealot x4  
  63  4:56  Probe x2  
  65  5:08  Probe, Dark Templar  
  65  5:09  Dark Templar x2  
  70  5:16  Dark Templar  
Show
View Real Time Build Order
Export as new Build Order

Lambo Zerg 

Build Orders: Hatch First 

Get SALT Encoding   

  12  0:00  Drone  
  13  0:12  Overlord  
  13  0:16  Drone  
  14  0:31  Drone x2  
  16  0:51  Drone, Hatchery  
  16  0:55  Drone  
  17  0:59  Drone  
  18  1:08  Extractor  
  17  1:13  Spawning Pool  
  17  1:17  Drone  
  17  1:20  Drone  
  18  1:28  Drone  
  19  1:38  Drone  
  20  1:49  Overlord  
  20  2:00  Queen  
  22  2:03  Queen  
  22  2:04  Zergling x2  
  22  2:05  Zergling x2  
  26  2:11  Metabolic Boost  
  26  2:15  Drone  
  27  2:17  Drone  
  28  2:32  Hatchery  
  27  2:39  Drone x2  
  27  2:40  Drone  
  30  2:48  Zergling x2  
  31  2:52  Zergling x2  
  31  2:53  Overlord  
  31  2:54  Drone  
  33  3:03  Zergling x2, Queen  
  36  3:12  Drone x3  
  38  3:16  Drone x2  
  38  3:19  Drone x2  
  42  3:29  Overlord  
  42  3:31  Drone  
  43  3:40  Overlord  
  43  3:41  Drone  
  43  3:47  Drone  
  45  3:49  Drone  
  45  3:50  Drone  
  45  3:51  Drone  
  45  3:53  Drone  
  45  3:54  Drone  
  45  3:55  Drone  
  51  4:01  Roach Warren  
  49  4:03  Drone  
  49  4:04  Drone  
  49  4:07  Extractor  
  49  4:08  Zergling x2  
  49  4:09  Extractor  
  50  4:17  Drone x3  
  52  4:20  Zergling x4  
  52  4:21  Zergling x6  
  52  4:24  Overlord  
  58  4:26  Zergling x4  
  58  4:28  Overlord  
  60  4:34  Overlord  
  58  4:46  Roach x4  
  58  4:48  Roach x3  
  69  4:53  Roach x4  
  69  4:54  Spore Crawler  
  69  4:57  Roach  
  79  5:00  Roach  
  79  5:07  Drone  
Tags
 
Add a new tag
Caveats
  • Supply blocks, unpowered buildings, or Contaminate may cause inaccurate times.
  • Supply counts are checked every 10 seconds.